Map: Whispers of Gold

Players

Fjant

  • Race: Zerg Zerg
  • League: Master
  • Spawn Location: 9:00

SZNightMare (NightMare) - Winner!

  • Race: Protoss Protoss
  • Spawn Location: 5:00

Event: HomeStory Cup XXVI

VOD

Have the link to the VOD?

Description

Time

  • Played on: Nov. 29, 2024, 6:19 a.m.
  • Length: 10:27

All games in this series

Show
View Real Time Build Order
Export as new Build Order

Fjant Zerg 

Build Orders: Hatch First 

Get SALT Encoding   

  12  0:00  Drone  
  13  0:09  Drone  
  13  0:13  Extractor  
  13  0:16  Drone  
  15  0:24  Overlord  
  15  0:42  Drone  
  16  0:48  Hatchery  
  15  0:52  Drone  
  15  0:56  Drone  
  17  1:01  Drone  
  18  1:09  Extractor  
  17  1:15  Spawning Pool  
  16  1:18  Drone  
  16  1:21  Drone  
  18  1:27  Drone  
  19  1:38  Drone  
  20  1:48  Drone  
  21  2:01  Drone  
  21  2:02  Queen, Zergling x2  
  21  2:03  Queen  
  27  2:10  Overlord  
  27  2:15  Metabolic Boost  
  27  2:20  Drone  
  28  2:28  Drone  
  28  2:29  Drone  
  30  2:38  Drone  
  30  2:41  Hatchery  
  30  2:47  Drone  
  30  2:48  Drone, Overlord  
  32  2:53  Zergling x2  
  32  2:56  Zergling x2  
  34  3:00  Queen  
  34  3:04  Overlord  
  36  3:08  Drone  
  37  3:14  Drone  
  37  3:15  Overlord  
  37  3:27  Drone x4  
  41  3:40  Overlord  
  41  3:41  Roach Warren, Drone x2  
  42  3:47  Overlord  
  42  3:49  Drone x2  
  42  3:51  Drone  
  43  4:01  Overlord  
  43  4:02  Drone  
  44  4:04  Extractor  
  44  4:06  Drone x2  
  45  4:20  Roach  
  45  4:21  Roach x3  
  45  4:22  Spore Crawler  
  52  4:25  Roach  
  52  4:26  Zergling x10  
  59  4:32  Roach  
  59  4:35  Zergling x2  
  62  4:41  Spore Crawler  
  62  4:42  Roach x2  
  65  4:46  Zergling x8  
  65  4:48  Zergling x2  
  70  4:53  Zergling x4  
  74  5:00  Roach  
  74  5:03  Roach x2  
  78  5:13  Drone x2  
  80  5:14  Lair  
  80  5:17  Zergling x2  
  82  5:21  Roach  
  82  5:26  Overlord  
  81  5:32  Zergling x8  
  80  5:37  Roach  
  81  5:43  Zergling x2  
  81  5:45  Overlord  
  81  5:47  Roach  
  81  5:48  Roach  
  86  5:51  Ravager  
  86  5:53  Zergling x2  
  87  5:58  Drone, Overlord  
  87  6:01  Drone  
  89  6:10  Roach x3  
  89  6:11  Roach x2  
  94  6:13  Zergling x6  
  94  6:16  Drone  
  97  6:19  Drone  
  97  6:23  Drone  
  96  6:26  Drone  
  96  6:28  Glial Reconstitution  
  96  6:30  Drone  
  96  6:32  Drone  
  99  6:33  Drone x2  
  99  6:39  Roach  
  101  6:44  Roach x2  
  101  6:45  Zergling x2  
  102  7:02  Roach x2  
  102  7:06  Roach x3  
  101  7:09  Zergling x10, Roach  
  101  7:13  Zergling x4  
  105  7:18  Roach  
  105  7:19  Zergling x8  
  82  7:32  Zergling x6  
  82  7:36  Roach  
  84  7:38  Roach  
  84  7:42  Zergling x12  
  88  7:45  Zergling x2  
  88  7:51  Zergling x4  
  88  7:57  Roach  
  91  8:00  Zergling x4  
  91  8:05  Zergling x2  
  91  8:12  Zergling x14  
  98  8:17  Drone  
  99  8:23  Ravager  
  99  8:26  Drone x3  
  101  8:32  Drone  
  101  8:33  Drone  
  99  8:43  Roach x2  
  95  8:49  Zergling x6  
  90  8:57  Zergling x6  
  90  9:00  Zergling x2  
  90  9:07  Zergling x6  
  88  9:10  Drone  
  88  9:13  Drone  
  87  9:22  Roach x2  
  87  9:23  Zergling x4  
  75  9:28  Zergling x2  
  71  9:32  Zergling x4  
  71  9:34  Zergling x2  
  71  9:37  Zergling x2  
  63  9:43  Ravager  
  63  9:44  Roach  
  66  9:46  Zergling x4  
  66  9:48  Ravager  
  66  9:51  Zergling x2  
  66  9:54  Ravager x2  
  66  9:57  Zergling x4  
  68  10:00  Zergling x2  
  68  10:03  Zergling x4  
Show
View Real Time Build Order
Export as new Build Order

SZNightMare Protoss - Winner!

Build Orders: 1 Gate Expand 

Get SALT Encoding   

  12  0:00  Probe  
  13  0:12  Probe  
  14  0:20  Pylon  
  14  0:24  Probe  
  15  0:35  Probe  
  15  0:39  Gateway  
  16  0:43  Probe  
  16  0:49  Assimilator  
  17  0:52  Probe  
  18  1:04  Probe  
  19  1:17  Probe  
  20  1:26  Nexus  
  20  1:36  Cybernetics Core  
  20  1:39  Probe  
  21  1:45  Assimilator  
  21  1:51  Probe  
  22  1:56  Pylon  
  22  2:03  Probe  
  22  2:04  Adept  
  23  2:14  Warp Gate  
  23  2:15  Probe  
  26  2:24  Stalker  
  26  2:27  Probe  
  27  2:36  Twilight Council  
  29  2:39  Probe x2  
  31  2:51  Probe x2  
  32  2:52  Adept  
  32  2:57  Resonating Glaives  
  35  3:03  Probe x2  
  37  3:06  Robotics Facility  
  37  3:15  Probe  
  37  3:16  Probe  
  39  3:23  Adept  
  41  3:27  Probe  
  41  3:28  Probe  
  43  3:37  Gateway  
  43  3:38  Gateway  
  43  3:41  Gateway  
  43  3:48  Warp Prism  
  41  3:59  Pylon  
  41  4:00  Pylon  
  41  4:01  Adept  
  45  4:04  Pylon  
  45  4:06  Probe  
  46  4:24  Observer, Probe x2  
  48  4:30  Robotics Bay  
  49  4:36  Probe x2  
  51  4:43  Assimilator, Adept x3  
  51  4:44  Assimilator, Adept  
  59  4:48  Probe x2  
  61  4:53  Pylon  
  61  5:01  Probe  
  61  5:05  Adept x3  
  69  5:09  Adept  
  69  5:11  Pylon, Probe  
  69  5:13  Probe  
  72  5:15  Gateway  
  72  5:16  Disruptor  
  74  5:34  Adept  
  74  5:39  Adept x3  
  74  5:40  Probe x2  
  82  5:44  Disruptor  
  86  6:02  Nexus  
  86  6:04  Gateway, Pylon  
  86  6:10  Blink  
  86  6:15  Pylon  
  86  6:17  Pylon  
  86  6:22  Adept x2  
  86  6:23  Adept x2  
  94  6:33  Gateway  
  94  6:45  Adept x4  
  102  6:50  Gateway  
  102  6:52  Pylon  
  98  7:12  Stalker x4  
  96  7:21  Immortal  
  89  7:34  Cybernetics Core  
  86  7:43  Probe x2  
  83  7:44  Probe  
  83  7:51  Immortal  
  84  7:58  Probe  
  81  8:11  Shield Battery  
  81  8:12  Stalker x6  
  93  8:16  Sentry  
  95  8:21  Immortal  
  97  8:38  Zealot x5  
  105  8:45  Stalker x2  
  84  9:09  Stalker x5  
  76  9:26  Cybernetics Core  
  76  9:40  Zealot x6  
  88  9:56  Zealot  
  90  10:03  Zealot x5  
  100  10:11  Zealot  
Tags
 
Add a new tag
Caveats
  • Supply blocks, unpowered buildings, or Contaminate may cause inaccurate times.
  • Supply counts are checked every 10 seconds.